 Dungeon Crawl Stone Soup version 0.26-a0-1161-g0398aca569 (webtiles) character file.

Game seed: 18331569036732569934

35 Phantomfrettchen the Skirmisher (level 3, -2/29 HPs)
             Began as a Demonspawn Chaos Knight on Dec 6, 2020.
             Was a Plaything of Xom.
             Slain by a worm (5 damage)
             ... on level 2 of the Dungeon on Dec 28, 2020.
             The game lasted 00:04:03 (611 turns).

Phantomfrettchen the Skirmisher (DsCK)               Turns: 611, Time: 00:04:04

Health: -2/29      AC:  5    Str: 12    XL:     3   Next: 17%
Magic:  3/3        EV: 11    Int: 13    God:    Xom [.*....]
Gold:   32         SH:  0    Dex: 13    Spells: 2/2 levels left

rFire    . . .     SeeInvis .     - Unarmed
rCold    . . .     Faith    .   (no shield)
rNeg     . . .     Spirit   .   a - +2 leather armour
rPois    .         Reflect  .   (no helmet)
rElec    .         Harm     .   (no cloak)
rCorr    .         Rampage  .   (no gloves)
Will     .....                  (no boots)
Stlth    +.........             (no amulet)
HPRegen  0.09/turn              (no ring)
MPRegen  0.08/turn              (no ring)

@: no status effects
A: talons 1, spiny 1
a: Renounce Religion


You were on level 2 of the Dungeon.
You worshipped Xom.
You were a plaything of Xom.
You visited 1 branch of the dungeon, and saw 2 of its levels.

You collected 32 gold pieces.

Inventory:

Missiles
 b - 15 stones (quivered)
 c - 5 arrows
Armour
 a - a +2 leather armour (worn)
Potions
 d - a potion of attraction {unknown}


   Skills:
 + Level 3.3 Fighting
 + Level 2.1 Armour
 + Level 1.1 Dodging
 + Level 3.3 Unarmed Combat


You had 2 spell levels left.
You didn't know any spells.
Your spell library was empty.

Dungeon Overview and Level Annotations

Branches:
Dungeon (2/15)

Altars:


Innate Abilities, Weirdness & Mutations

You have sharp toenails.
You are partially covered in sharp spines.


Message History

You hit the worm.
The worm is moderately wounded.
Throw: 17 stones
Press: ? - help, Q - select action Shift-Dir - straight line, f/p - worm
Aim: a worm (lightly wounded)
You throw a stone. The stone barely misses the worm.
You hit the worm.
The worm is heavily wounded.
Found 15 sling bullets.
Found a leather armour.
Throw: 16 stones
Press: ? - help, Q - select action Shift-Dir - straight line, f/p - worm
Aim: a worm (moderately wounded)
You throw a stone. The stone hits the worm.
The worm is moderately wounded.
You barely miss the worm.
The worm is moderately wounded.
The worm bites you.
You die... "What!?
That's it?"

.. #.## .# ...# .
#..# # #..# # #..#
# #.[# #.(#
###############w.#
.....(.().......@#
################.#
#.# ... ...# #...#
#####


You could see a worm.

Vanquished Creatures
  2 adders (D:2)
  A worm (D:2)
  4 leopard geckos (D:1)
  A hobgoblin (D:2)
  A bat (D:2)
  A frilled lizard (D:1)
  3 kobolds
  A rat (D:1)
14 creatures vanquished.

Notes
Turn   | Place    | Note
-------+----------+-------------------------------------------
     0 | D:1      | Phantomfrettchen the Demonspawn Chaos Knight began the
                  | quest for the Orb.
     0 | D:1      | Reached XP level 1. HP: 18/18 MP: 1/1
    16 | D:1      | XOM: potion effect (curing)
    45 | D:1      | XOM: silly message
   105 | D:1      | XOM: silly message
   349 | D:1      | Gained mutation: You are partially covered in sharp spines.
                  | [demonic ancestry]
   349 | D:1      | Reached XP level 2. HP: 24/24 MP: 2/2
   385 | D:1      | XOM: divination: detect items
   409 | D:1      | You fall into a shaft and drop 1 floor!
   451 | D:2      | XOM: butterfly on damage
   453 | D:2      | XOM: butterfly on damage
   466 | D:2      | Reached skill level 1 in Dodging
   519 | D:2      | Upgraded the game from 0.26-a0-996-g6b303dbc09 to
                  | 0.26-a0-1161-g0398aca569
   568 | D:2      | Gained mutation: You have sharp toenails. [demonic
                  | ancestry]
   568 | D:2      | Reached XP level 3. HP: 6/29 MP: 3/3
   569 | D:2      | XOM: 1-stop teleportation journey
   611 | D:2      | Slain by a worm

Illustrated notes

Levels and vault maps discovered:
D:1:      ncdulo_lavacross, layout_basic, minmay_3d_cube
D:2:      layout_loops_ring, makhleb_heckhound_becter, minmay_joined_circles

Skill      XL: |  1  2 |
---------------+-------+-----
Unarmed Combat | 3 |  3.3
Armour         | 2 |  2.1
Dodging        | 1 |  1.1
Fighting       | |  3.3

Action                   || total
-------------------------++-------
Melee: Unarmed           ||    83
       Kick              ||     2
Throw: Stone             ||     3
Armor: Leather armour    ||    17
Dodge: Dodged            ||    38

Table legend: (Time is in decaauts)
 A = Elapsed time spent in this place.
 B = Non-inter-level travel time spent in this place.
 C = Inter-level travel time spent in this place.
 D = Time resting spent in this place.
 E = Time spent auto-exploring this place.
 F = Levels seen in this place.
 G = Mean time per level.
                   A        B        C        D        E       F      G
               +--------+--------+--------+--------+--------+-----+--------+
         Total |    606 |    606 |      0 |     41 |    191 |   2 |  303.0 |
       Dungeon |    606 |    606 |      0 |     41 |    191 |   2 |  303.0 |
               +--------+--------+--------+--------+--------+-----+--------+

Top non-repeatable levels by time:
     D:1: 407 daAuts
     D:2: 199 daAuts
